 Dungeon Crawl Stone Soup version 0.28.0 (webtiles) character file.

Game seed: 1569046798913066857

7088 DasRunzen the Thaumaturge (level 11, -7/76 HPs)
             Began as a Djinni Fire Elementalist on Feb 11, 2022.
             Was a Priest of Qazlal.
             Mangled by an orc warrior (18 damage)
             ... on level 9 of the Dungeon.
             The game lasted 00:23:55 (10156 turns).

DasRunzen the Thaumaturge (DjFE)                   Turns: 10156, Time: 00:23:55

Health: -7/76      AC:  5    Str:  7    XL:     11   Next: 30%
Gold:   443        EV: 13    Int: 27    God:    Qazlal [***...] SH:  3 Dex: 14

rFire   + + +      SeeInvis .   r - +8 trident of the Octopus King {venom, rElec rPois}
rCold   x . .      Faith    .   (no shield)
rNeg    . . .      Spirit   .   a - +0 robe
rPois   ∞          Reflect  .   (no helmet)
rElec   +          Harm     .   k - +2 cloak
rCorr   .          Rampage  .   (no gloves)
Will    +....                   (boots unavailable)
Stlth   +.........              (no amulet)
HPRegen 0.22/turn               b - ring of protection from fire
MPRegen 0.00/turn               f - +6 ring of intelligence

@: marked, flying
A: sickness immunity, fire resistance 2, cold vulnerability 1, float, innate
caster, HP casting, extra vitality 1
a: Renounce Religion, Upheaval, Elemental Force


You were on level 9 of the Dungeon.
You worshipped Qazlal.
Qazlal was most pleased with you.
You visited 2 branches of the dungeon, and saw 10 of its levels.

You collected 443 gold pieces.

Inventory:

Hand Weapons
 r - the +8 trident of the Octopus King (weapon) {venom, rElec rPois}
   (You found it on level 7 of the Dungeon)

   It poisons the flesh of those it strikes.
   rElec:     It insulates you from electricity.
   rPois:     It protects you from poison.
Missiles
 l - a throwing net
Armour
 a - a +0 robe (worn)
 k - a +2 cloak (worn)
Magical Staves
 g - a staff of poison
Jewellery
 b - a ring of protection from fire (left hand)
 f - a +6 ring of intelligence (right hand)
Wands
 m - a wand of paralysis (8)
 o - a wand of polymorph (12)
 t - a wand of iceblast (9)
Scrolls
 h - a scroll of magic mapping
 j - 2 scrolls of teleportation
Potions
 c - a potion of brilliance
 d - 3 potions of curing
 e - 3 potions of cancellation
 i - 2 potions of resistance
 n - a potion of lignification
 p - a potion of degeneration {unknown}
 q - a potion of invisibility {unknown}
 s - a potion of flight {unknown}


   Skills:
 * Level 5.4 Fighting
 + Level 2.8 Polearms
 * Level 5.4 Armour
 + Level 3.9 Dodging
 - Level 1.5 Stealth
 + Level 0.5 Shields
 * Level 11.0 Spellcasting


You had 5 spell levels left.
You knew the following spells:

 Your Spells              Type           Power      Damage    Failure   Level
a - Foxfire               Conj/Fire      100%       2x1d9     1%          1
b - Scorch                Fire           100%       2d10      1%          2
c - Conjure Flame         Conj/Fire      65%        6-21      1%          3
d - Inner Flame           Hex/Fire       65%        N/A       1%          3
e - Flame Wave            Conj/Fire      65%        2d12      1%          4
f - Pain                  Necr           100%       1d9       1%          1
g - Call Imp              Summ           65%        N/A       1%          2
h - Summon Guardian Gole  Hex/Summ       65%        N/A       1%          3
i - Swiftness             Air            65%        N/A       1%          3
j - Irradiate             Conj/Tmut      32%        3d24      1%          5
Your spell library was empty.

Dungeon Overview and Level Annotations

Branches:
Dungeon (9/15)             Temple (1/1) D:5
   Lair: D:8-11         Orc: D:9-12

Altars:
Ashenzari
Cheibriados
Dithmenos
Elyvilon
Fedhas
Gozag
Hepliaklqana
Kikubaaqudgha
Makhleb
Nemelex Xobeh
Okawaru
Qazlal
Ru
Sif Muna
Trog
Wu Jian
Xom
Yredelemnul
Zin
The Shining One
Ignis

Annotations:
D:8 2 transporters, mfcas's ghost, novice OpCj


Innate Abilities, Weirdness & Mutations

You are immune to sickness and miasma.
You are immune to poison.
Your flesh is very heat resistant. (rF++)
You are vulnerable to cold. (rC-)
You float through the air rather than walking.
You learn spells naturally, not from books.
Your magical power is your life essence.
You have superior vitality. (+4 MHP)


Message History

Confirm with . or Enter, or press ? or * to list all spells.
Flames lash the orc warrior but do no damage.
The foxfire hits the orc warrior but does no damage.
The orc warrior is moderately wounded.
The orc throws a stone.
The stone barely misses you.
Casting: Scorch (safe; 1% risk of failure)
Confirm with . or Enter, or press ? or * to list all spells.
Flames lash the orc warrior.
The orc warrior is burned terribly!
The orc warrior is severely wounded.
The orc throws a stone.
The stone hits you.
The orc warrior hits you from afar with a +0 glaive!!
The orc priest looks satisfied for a moment.
Casting: Scorch (safe; 1% risk of failure)
Confirm with . or Enter, or press ? or * to list all spells.
Flames lash the orc warrior but do no damage.
The orc warrior hits you from afar with a +0 glaive!
* * * LOW HITPOINT WARNING * * *
Unknown command.
You feel better.
The orc throws a stone.
The stone closely misses you. The orc warrior closely misses you.
Things that are here:
a +2 whip of pain; an orc corpse
Casting: Scorch (safe; 1% risk of failure)
Confirm with . or Enter, or press ? or * to list all spells.
Flames lash the orc warrior but do no damage.
* * * LOW HITPOINT WARNING * * *
You block the orc warrior's attack.
Unknown command.
Casting: Scorch (safe; 1% risk of failure)
Confirm with . or Enter, or press ? or * to list all spells.
Aiming: Inner Flame (safe; 1% risk of failure)
Press: ? - help, Dir - move target, f - orc warrior
Aim: an orc warrior, wielding a +0 glaive and wearing a +0 plate armour (severely wounded, more vulnerable to fire, chance to affect: 96%)
The orc warrior is filled with an inner flame.
* * * LOW HITPOINT WARNING * * *
The orc warrior hits you from afar with a +0 glaive!
* * * LOW HITPOINT WARNING * * *
You feel better.
The orc warrior hits you from afar with a +0 glaive!!
You die...

## #.# #.#
#.# #.#####
#.#... '.
#.#.#
#..###o@.#
#
#...')###.#
##..)o....#
#.###'####
# #.o# ##)#
. #o# ##.
#o# #..
######'####


You could see an orc warrior (inner flame, combustible) and an orc.

Vanquished Creatures
  Harold (D:9)
  Pikel (D:9)
  A cyclops (D:9)
  A hornet (D:9)
  A troll (D:9)
  The ghost of kalagan the Conjurer, an amateur DECj (D:5)
  10 yaks
  A wyvern (D:9)
  An acid dragon (D:9)
  3 water moccasins
  5 orc warriors
  3 ice beasts
  A sky beast (D:4)
  A black bear (D:6)
  A hornet zombie (D:7)
  3 ogres
  2 centaurs (D:9)
  A phantom (D:4)
  A lemure (D:9)
  6 bullfrogs
  A water moccasin zombie (D:5)
  A scorpion (D:4)
  A wyvern skeleton (D:7)
  5 wights
  2 vampire bats (D:7)
  A bullfrog zombie (D:5)
  2 gnoll shamans (D:9)
  2 orc priests
  3 hounds
  2 bullfrog skeletons (D:5)
  A centaur skeleton (D:7)
  2 iguanas (D:5)
  A scorpion zombie (D:5)
  4 orc wizards
  9 gnolls (D:9)
  8 adders
  A shadow imp (D:5)
  2 white imps
  A worm (D:3)
  20 orcs
  5 bat skeletons (D:7)
  2 bat zombies (D:7)
  8 endoplasms
  5 giant cockroaches
  3 goblins
  7 hobgoblins
  5 jackals
  5 kobolds
  8 quokkas
  7 ball pythons
  5 bats
  3 frilled lizards (D:2)
  5 rats
182 creatures vanquished.

Vanquished Creatures (others)
  333 foxfires
333 creatures vanquished.

Grand Total: 515 creatures vanquished

Notes
Turn   | Place    | Note
-------+----------+-------------------------------------------
     0 | D:1      | DasRunzen the Djinni Fire Elementalist began the quest for
                  | the Orb.
     0 | D:1      | Reached XP level 1. HP: 15/15 MP: 0/0
   263 | D:1      | Reached XP level 2. HP: 19/21 MP: 0/0
  1139 | D:2      | Reached skill level 3 in Spellcasting
  1202 | D:2      | Reached XP level 3. HP: 23/26 MP: 0/0
  1202 | D:2      | Learned a level 1 spell: Pain
  1487 | D:2      | Reached XP level 4. HP: 25/31 MP: 0/0
  1721 | D:2      | Reached skill level 1 in Fighting
  1937 | D:2      | Reached skill level 1 in Armour
  2014 | D:2      | Reached XP level 5. HP: 35/37 MP: 0/0
  2014 | D:2      | Learned a level 2 spell: Call Imp
  2349 | D:3      | Found a faded altar of an unknown god.
  3046 | D:3      | Reached skill level 4 in Spellcasting
  3118 | D:3      | Found a white marble altar of Elyvilon.
  3127 | D:3      | Found a stormy altar of Qazlal.
  3130 | D:3      | Became a worshipper of Qazlal Stormbringer
  3649 | D:4      | Noticed an ice beast
  3653 | D:4      | Noticed a phantom
  3674 | D:4      | Killed a phantom
  3675 | D:4      | Reached XP level 6. HP: 28/42 MP: 0/0
  3678 | D:4      | Killed an ice beast
  3812 | D:4      | Reached skill level 5 in Spellcasting
  3893 | D:4      | Noticed an ice beast
  3898 | D:4      | Killed an ice beast
  3899 | D:4      | Reached XP level 7. HP: 42/48 MP: 0/0
  3899 | D:4      | Learned a level 3 spell: Summon Guardian Golem
  4310 | D:5      | Entered Level 5 of the Dungeon
  4449 | D:5      | Found a sparkling altar of Nemelex Xobeh.
  4517 | D:5      | Found a staircase to the Ecumenical Temple.
  4634 | Temple   | Entered the Ecumenical Temple
  4736 | D:5      | Reached skill level 6 in Spellcasting
  4736 | D:5      | Reached XP level 8. HP: 48/54 MP: 0/0
  4933 | D:5      | Found a runed translucent door.
  4939 | D:5      | Noticed kalagan's ghost (amateur DECj)
  5025 | D:5      | Reached * piety under Qazlal
  5266 | D:5      | Found a snail-covered altar of Cheibriados.
  5519 | D:5      | Killed kalagan's ghost
  5520 | D:5      | Reached skill level 7 in Spellcasting
  5926 | D:6      | Reached XP level 9. HP: 21/60 MP: 0/0
  5926 | D:6      | Learned a level 3 spell: Swiftness
  6488 | D:6      | Reached skill level 8 in Spellcasting
  6854 | D:7      | Found a blossoming altar of Fedhas.
  6878 | D:7      | Found the +8 trident of the Octopus King {venom, rElec
                  | rPois}
  7178 | D:7      | Found a shadowy altar of Dithmenos.
  7570 | D:7      | Reached ** piety under Qazlal
  7594 | D:7      | Reached skill level 9 in Spellcasting
  7706 | D:7      | Reached XP level 10. HP: 64/67 MP: 0/0
  7818 | D:8      | Noticed mfcas's ghost (novice OpCj)
  7818 | D:8      | Found a transporter.
  7843 | D:8      | Found a transporter.
  7853 | D:8      | Reached skill level 1 in Polearms
  8593 | D:8      | Found a basalt altar of Yredelemnul.
  9293 | D:9      | Noticed a cyclops
  9307 | D:9      | Reached skill level 5 in Armour
  9311 | D:9      | Killed a cyclops
  9403 | D:9      | Reached skill level 5 in Fighting
  9502 | D:9      | Reached skill level 10 in Spellcasting
  9670 | D:9      | Noticed Pikel
  9681 | D:9      | Killed Pikel
  9682 | D:9      | Reached XP level 11. HP: 49/76 MP: 0/0
  9682 | D:9      | Learned a level 5 spell: Irradiate
 10108 | D:9      | Noticed Harold
 10121 | D:9      | Reached *** piety under Qazlal
 10122 | D:9      | Killed Harold
 10123 | D:9      | Reached skill level 11 in Spellcasting
 10155 | D:9      | HP: 1/76 [orc warrior (11)]
 10156 | D:9      | Mangled by an orc warrior

Illustrated notes

Levels and vault maps discovered:
D:1:      dpeg_arrival_simpleton_a, layout_basic
D:2:      wad_river_or_something, layout_rooms
D:3:      layout_basic, mainiacjoe_overflow_swirl,
          shapermc_ecumenical_altar_pompeii, kennysheep_generic_room_3
D:4:      layout_basic
D:5:      layout_rooms, amcnicky_altar_gilded, mainiacjoe_overflow_brackets,
          minmay_temple_entry_statues_fountains, ebering_ghost_reflecting_pool
D:6:      layout_basic, nicolae_vehumet_altar_sigil, chequers_garden,
          minmay_misc_feat_more_columns
D:7:      layout_basic, kennysheep_vampire_church, mainiacjoe_overflow_alcove_1,
          nicolae_dithmenos_through_a_glass_darkly
D:8:      layout_rooms, yredelemnul_altar_generic, gammafunk_ghost_arena
D:9:      layout_roguey, mainiacjoe_overflow_tiny_flanked, orc_0_dummy,
          serial_shops, nicolae_shop_bloodbath_and_beyond, hex_intersection,
          uniq_erolcha, uniq_pikel, uniq_harold
Temple:   ebering_untended_altars

Skill      XL: |  1  2  3  4  5  6  7  8  9 10 11 |
---------------+----------------------------------+-----
Spellcasting   | 3 4 5 6 7 9 10 11 | 11.0
Fighting       | 1 2 3 5 |  5.4
Armour         | 1 2 3 4 5 |  5.4
Dodging        | 3 |  3.9
Polearms       | 2 |  2.8
Stealth        | |  1.5
Shields        | |  0.5

Action                   |  1- 3 |  4- 6 |  7- 9 | 10-12 || total
-------------------------+-------+-------+-------+-------++-------
Melee: Unarmed           |       |       |     4 |       ||     4
       Trident           |       |       |    50 |    23 ||    73
 Cast: Foxfire           |    59 |    71 |    34 |    37 ||   201
       Scorch            |       |    13 |    75 |    56 ||   144
       Inner Flame       |       |     2 |     4 |    23 ||    29
       Pain              |       |       |     1 |     1 ||     2
       Swiftness         |       |       |       |     1 ||     1
  Use: Scroll            |     2 |     6 |     4 |     4 ||    16
       Potion            |       |       |     1 |     2 ||     3
 Stab: Distracted        |       |       |     2 |       ||     2
Armor: Robe              |       |     1 |    21 |     2 ||    24
       Skin              |       |       |     1 |       ||     1
Dodge: Dodged            |     1 |    11 |    72 |    28 ||   112
Block: Other             |       |       |     6 |     4 ||    10
